 Dungeon Crawl Stone Soup version 0.28.0-47-ge53b351184 (webtiles) character file.

Game seed: 1540681434508868098

27 AlmostDecent the Shield-Bearer (level 3, 30/30 HPs)
             Began as a Formicid Fighter on Apr 27, 2022.
             Was a High Priest of Ignis.
             Quit the game on level 2 of the Dungeon.
             The game lasted 00:02:14 (1601 turns).

AlmostDecent the Shield-Bearer (Formicid Fighter)   Turns: 1601, Time: 00:02:15

Health: 30/30      AC:  7    Str: 20    XL:     3   Next: 25%
Magic:  3/3        EV:  9    Int:  7    God:    Ignis [*****.]
Gold:   40         SH:  4    Dex: 12    Spells: 2/2 levels left

rFire   + . .      SeeInvis +   a - +0 war axe
rCold   . . .      Faith    .   c - +0 buckler
rNeg    . . .      Spirit   .   b - +0 scale mail
rPois   .          Reflect  .   (helmet unavailable)
rElec   .          Harm     .   (no cloak)
rCorr   .          Rampage  .   (no gloves)
Will    .....                   (no boots)
Stlth   ..........              (no amulet)
HPRegen 0.10/turn               (no ring)
MPRegen 0.08/turn               (no ring)

@: weak-willed
A: permanent stasis, dig shafts and tunnels, antennae 3, four strong arms
a: Dig, Shaft Self, Renounce Religion, Fiery Armour, Foxfire Swarm, Rising Flame


You were on level 2 of the Dungeon.
You worshipped Ignis.
Ignis was extremely pleased with you.
You visited 1 branch of the dungeon, and saw 2 of its levels.

You collected 40 gold pieces.

Inventory:

Hand Weapons
 a - a +0 war axe (weapon)
Armour
 b - a +0 scale mail (worn)
 c - a +0 buckler (worn)
Jewellery
 h - an amulet of magic regeneration
Potions
 d - a potion of might
 e - a potion of degeneration {unknown}
 i - a potion of heal wounds {unknown}


   Skills:
 + Level 3.7 Fighting
 * Level 2.5 Axes
 + Level 3.7 Armour
 + Level 3.8 Shields


You had 2 spell levels left.
You didn't know any spells.
Your spell library was empty.

Dungeon Overview and Level Annotations

Branches:
Dungeon (2/15)

Altars:
Ignis


Innate Abilities, Weirdness & Mutations

You cannot be hasted, slowed, berserked, paralysed or teleported.
You can dig through walls and to a lower floor.
You have a pair of large antennae on your head. (SInv)
Your four strong arms can wield two-handed weapons with a shield.


Message History

No target in view!
A bat comes into view.
You barely miss the bat. The bat closely misses you.
No target in view!
No target in view!
No target in view!
The bat barely misses you. The bat hits you but does no damage.
You block the bat's attack.
You closely miss the bat. The bat hits you but does no damage. x2
You barely miss the bat. The bat hits you but does no damage. x2
The bat completely misses you.
You miss the bat.
The bat hits you. x2; The bat barely misses you.
You miss the bat. The bat hits you but does no damage.
The bat closely misses you.
You barely miss the bat. The bat hits you but does no damage. x2
You barely miss the bat. The bat hits you but does no damage.
You slash the bat!
You kill the bat!
No target in view!
No target in view!
As you read the scroll labelled OPLESTRIPESI, it crumbles to dust.
Magic quickly surges around you.
It was a scroll of vulnerability.
As you read the scroll labelled CUSSEFR FAHOPI, it crumbles to dust.
The air around you briefly surges with heat, but it dissipates.
It was a scroll of immolation.
You see here a bat corpse.
There is an open door here.
There is a faded altar of an unknown god here.
You cannot tell which god this altar belongs to.
Convert to them anyway?
Ignis accepts your prayer! Ignis welcomes you!
(D) Dungeon
Where to? (Enter - D:2 @ (x,y), ? - help)
Okay, then.
You offer a prayer to Ignis.
Are you sure you want to abandon this character and quit the game? (Confirm with "yes".)
Okay, then.
Unknown command.
Press < or > to pray at altars.
Are you sure you want to abandon this character and quit the game? (Confirm with "yes".)

......# ##### #.#....# ......#
#####...# #.#.##.#
......########.....#.###.#..#.#
...................#........#.#
......########.###†#####.####.#
......# #.8...# #......#
....### ##.....## ########
....# #8.8...8# ....# #...@...#
....##### # #8.....8# ....#...
.# ##.....##
....#.###.####.8.8.#
##..........##.###.########
#..........##. #........#
#....).....##. ########.#
#..........##. #.# #..........#
#.#


There were no monsters in sight!

Vanquished Creatures
  3 endoplasms
  3 giant cockroaches
  2 hobgoblins (D:1)
  3 jackals (D:2)
  3 kobolds
  2 ball pythons
  2 bats
  2 frilled lizards (D:2)
  2 goblins (D:1)
  2 rats (D:1)
24 creatures vanquished.

Notes
Turn   | Place    | Note
-------+----------+-------------------------------------------
     0 | D:1      | AlmostDecent the Formicid Fighter began the quest for the
                  | Orb.
     0 | D:1      | Reached XP level 1. HP: 18/18 MP: 1/1
   420 | D:1      | Reached XP level 2. HP: 24/24 MP: 2/2
  1491 | D:2      | Found a faded altar of an unknown god.
  1495 | D:2      | Reached XP level 3. HP: 29/29 MP: 3/3
  1600 | D:2      | Prayed at the altar of an unknown god.
  1600 | D:2      | Became a worshipper of Ignis, the Dying Flame
  1601 | D:2      | Quit the game

Illustrated notes

Levels and vault maps discovered:
D:1:      ncdulo_wetmaze, layout_loops_corners, minmay_misc_feat_hallway,
          minmay_misc_feat_iff
D:2:      layout_basic, basic_altar, ebering_ecumenical_altar_ruins,
          chequers_jeans

Action                   || total
-------------------------++-------
Melee: War axe           ||    67
  Use: Scroll            ||     2
Armor: Scale mail        ||    31
Dodge: Dodged            ||    29
Block: Buckler           ||    14
